 Dungeon Crawl Stone Soup version 0.18.1-48-g4cf74bf (console) character file.

1036 Kloppie the Shield-Bearer (level 8, -17/58 HPs)
             Began as a Demonspawn Fighter on June 26, 2016.
             Killed from afar by Erolcha (33 damage)
             ... with a crystal spear
             ... on level 8 of the Dungeon.
             The game lasted 00:07:02 (5591 turns).

Kloppie the Shield-Bearer (Demonspawn Fighter)      Turns: 5591, Time: 00:07:03

Health: -17/58     AC: 16    Str: 22    XL:     8   Next: 4%
Magic:  8/8        EV:  8    Int: 10    God:
Gold:   207        SH: 11    Dex: 14    Spells: 0 memorised, 7 levels left

rFire  . . .     SeeInvis .     a - +0 flail
rCold  . . .     Gourm    .     b - +0 scale mail
rNeg   . . .     Faith    .     c - +0 shield
rPois  .         Spirit   .     m - +2 helmet
rElec  .         Dismiss  .     x - +0 cloak
rCorr  .         Reflect  .     (no gloves)
SustAt .         Harm     .     (no boots)
MR     .....                    (no amulet)
Stlth  ..........               (no ring)
                                (no ring)

@: mighty, not resistant to hostile enchantments, extremely unstealthy
A: talons 2, iridescent scales 2, demonic guardian 1
a: no special abilities


You were on level 8 of the Dungeon.
You were not hungry.

You visited 1 branch of the dungeon, and saw 6 of its levels.

You collected 207 gold pieces.

Inventory:

Hand Weapons
 a - a +0 flail (weapon)
Armour
 b - a +0 scale mail (worn)
 c - a +0 shield (worn)
 m - a +2 helmet (worn)
 x - a +0 cloak (worn)
Jewellery
 q - an uncursed ring of see invisible {unknown}
Wands
 d - a wand of digging (12/24)
 A - a wand of random effects (20/48)
 B - a wand of lightning (7/15)
Scrolls
 g - a scroll of enchant armour {unknown}
 j - 3 scrolls of identify {unknown}
 n - 3 scrolls of remove curse {unknown}
 r - 2 scrolls of amnesia {unknown}
 u - a scroll of random uselessness {unknown}
 y - 2 scrolls of teleportation {unknown}
 z - 2 scrolls of recharging {unknown}
 C - a scroll of fog {unknown}
Potions
 e - 4 potions of curing {unknown}
 i - 4 potions of cancellation {unknown}
 k - a potion of degeneration {unknown}
 o - 3 potions of heal wounds
 t - a potion of berserk rage {unknown}
 v - a potion of resistance {unknown}
 w - a potion of brilliance {unknown}
 D - a potion of invisibility {unknown}
Comestibles
 f - 6 bread rations
 h - 2 meat rations
 l - 6 fruits
 p - a beef jerky
 E - 5 chunks of flesh


   Skills:
 - Level 3.0 Fighting
 + Level 6.4 Maces & Flails
 - Level 2.6 Armour
 + Level 6.5 Shields


You had 7 spell levels left.
You didn't know any spells.

Dungeon Overview and Level Annotations

Branches:
Dungeon (5/15)
 Temple: D:4-7

Altars:
Dithmenos
Nemelex Xobeh

Annotations:
D:8 Erolcha


Innate Abilities, Weirdness & Mutations

You have razor-sharp toenails.
You are mostly covered in iridescent scales (AC +6).
A weak demonic guardian rushes to your aid.


Message History

Erolcha closely misses you.
You bludgeon Erolcha!! Your kick misses Erolcha.
Erolcha is moderately wounded.
You block Erolcha's attack. Erolcha closely misses you.
You sock Erolcha! Your kick misses Erolcha.
Erolcha is heavily wounded.
Erolcha hits you with a giant club.
* * * LOW HITPOINT WARNING * * *
You barely miss Erolcha. You claw Erolcha!
Erolcha is severely wounded.
You hit Erolcha. Your kick misses Erolcha.
Erolcha is severely wounded.
Erolcha misses you.
You hit Erolcha.
Erolcha is severely wounded.
Erolcha points at you and mumbles some strange words.
The crystal spear hits you!
Ouch! That really hurt!
You die...

.........###
...c...(...####
........(.....#
....####.#(##.###
... #.#)##...# #.
#.##.(...########
#.##.#..........#
####.#.########.#
##.#@5.....# #.#
#.).O#.###.# #.#
##.#.#.# #.#
###.#.# #.# #....
#.# #..## #.#
%..# #.# .#.# #.#
. .. #.#


You could see Erolcha and a friendly white imp.

Vanquished Creatures
  Sigmund (D:3)
  The ghost of Kloppie the Slasher, an amateur VSFi of Makhleb (D:3)
  A centaur (D:8)
  A scorpion (D:4)
  Crazy Yiuf (D:4)
  2 orc priests (D:4)
  2 orc wizards (D:4)
  A giant frog skeleton (D:4)
  Jessica (D:2)
  A worker ant (D:4)
  Natasha (thrice) (D:4)
  Robin (D:2)
  3 gnolls (D:2)
  10 adders
  An ooze (D:3)
  2 worms (D:3)
  3 dart slugs (D:1)
  2 giant geckos
  8 orcs (D:4)
  A ball python (D:1)
  8 bats
  2 giant cockroaches
  11 goblins
  15 hobgoblins
  3 jackals (D:4)
  3 quokkas
  A giant gecko skeleton (D:4)
  A giant gecko zombie (D:5)
  7 giant newts
  5 kobolds
  6 rats
108 creatures vanquished.

Vanquished Creatures (collateral kills)
  An ice beast (D:5)
  A giant frog (D:8)
  An orc wizard (D:4)
  A hobgoblin (D:2)
4 creatures vanquished.

Grand Total: 112 creatures vanquished

Notes
Turn   | Place    | Note
--------------------------------------------------------------
     0 | D:1      | Kloppie the Demonspawn Fighter began the quest for the Orb.
     0 | D:1      | Reached XP level 1. HP: 18/18 MP: 1/1
   144 | D:1      | Gained mutation: You have sharp toenails. [demonic ancestry]
   144 | D:1      | Reached XP level 2. HP: 20/24 MP: 2/2
   885 | D:2      | Noticed Robin
  1036 | D:1      | Gained mutation: A weak demonic guardian rushes to your aid. [demonic ancestry]
  1036 | D:1      | Reached XP level 3. HP: 16/29 MP: 3/3
  1495 | D:2      | Killed Robin
  1874 | D:2      | Reached XP level 4. HP: 14/35 MP: 4/4
  2501 | D:2      | Noticed Jessica
  2516 | D:2      | Killed Jessica
  2516 | D:2      | Gained mutation: You are partially covered in iridescent scales (AC +4). [demonic ancestry]
  2516 | D:2      | Reached XP level 5. HP: 24/41 MP: 5/5
  3074 | D:3      | Noticed Kloppie's ghost (amateur VSFi)
  3085 | D:3      | Killed Kloppie's ghost
  3141 | D:3      | Gained mutation: You are mostly covered in iridescent scales (AC +6). [demonic ancestry]
  3141 | D:3      | Reached XP level 6. HP: 45/47 MP: 6/6
  3778 | D:3      | Noticed Sigmund
  3817 | D:3      | Killed Sigmund
  3817 | D:3      | Reached skill level 5 in Maces & Flails
  3817 | D:3      | Reached skill level 5 in Shields
  4136 | D:4      | Found a sparkling altar of Nemelex Xobeh.
  4228 | D:4      | Reached XP level 7. HP: 52/52 MP: 7/7
  4899 | D:4      | Noticed Natasha
  4910 | D:4      | Killed Natasha
  4952 | D:4      | Noticed Natasha
  4956 | D:4      | Killed Natasha
  4970 | D:4      | Noticed Crazy Yiuf
  4976 | D:4      | Killed Crazy Yiuf
  5086 | D:4      | Noticed Natasha
  5105 | D:4      | Killed Natasha
  5209 | D:5      | Entered Level 5 of the Dungeon
  5500 | D:5      | You fall through a shaft for 3 floors!
  5500 | D:8      | Found a shadowy altar of Dithmenos.
  5565 | D:8      | Gained mutation: You have razor-sharp toenails. [demonic ancestry]
  5565 | D:8      | Reached XP level 8. HP: 56/58 MP: 8/8
  5576 | D:8      | Noticed Erolcha
  5591 | D:8      | Killed from afar by Erolcha

Skill      XL: |  1  2  3  4  5  6  7 |
---------------+----------------------+-----
Maces & Flails | 2 3 4 5 6 |  6.4
Shields        | 3 4 5 6 |  6.5
Fighting       | |  3.0
Armour         | |  2.6

Action                   |  1- 3 |  4- 6 |  7- 9 || total
-------------------------+-------+-------+-------++-------
Melee: Flail             |   141 |   154 |   148 ||   443
       Kick              |    32 |    36 |    48 ||   116
  Use: Potion            |       |     1 |     2 ||     3
  Eat: Chunk             |     3 |     8 |     5 ||    16
Armor: Scale mail        |    79 |    75 |    47 ||   201
Dodge: Dodged            |    35 |    37 |    35 ||   107
Block: Shield            |    73 |    70 |    70 ||   213
